 Dungeon Crawl Stone Soup version 0.31-a0-233-g139696dc86 (webtiles) character file.

Game seed: 11099991966973500677

67 qw the Shooter (level 4, -4/26 HPs)
             Began as a Gargoyle Hexslinger on July 9, 2023.
             Slain by a scorpion (5 damage)
             ... on level 3 of the Dungeon.
             The game lasted 00:00:49 (2323 turns).

qw the Shooter (Gargoyle Hexslinger)                Turns: 2323, Time: 00:00:50

Health: -4/26      AC:  8    Str: 11    XL:     4   Next: 16%
Magic:  5/5        EV: 10    Int: 14    God:
Gold:   151        SH:  0    Dex: 14    Spells: 4/5 levels left

rFire   . . .        Y - +1 sling
rCold   . . .        (no shield)
rNeg    + . .        f - +0 ring mail
rPois   inf          (no helmet)
rElec   +            (no cloak)
rCorr   .            (no gloves)
SInv    .            (no boots)
Will    .....        (no amulet)
Stlth   +            (no ring)
HPRegen 0.24/turn    (no ring)
MPRegen 0.09/turn

%: no passive effects
@: about to teleport
A: sickness immunity, AC +3, negative energy resistance 1, electricity
resistance, torment resistance 1, petrification resistance
a: no special abilities


You were on level 3 of the Dungeon.
You visited 1 branch of the dungeon, and saw 4 of its levels.

You collected 151 gold pieces.


Innate Abilities, Weirdness & Mutations

You are immune to sickness and miasma.
Your stone body is resilient. (AC +3)
You are immune to poison.
You resist negative energy. (rN+)
You are resistant to electric shocks. (rElec)
You are resistant to unholy torment.
You are immune to petrification.


   Skills:
 - Level 2.0 Fighting
 - Level 4.0 Ranged Weapons
 + Level 0.2 Armour
 - Level 1.5 Dodging
 - Level 1.0 Spellcasting
 - Level 2.6 Hexes


You had 4 spell levels left.
You knew the following spells:

 Your Spells              Type           Power      Damage    Failure   Level
a - Slow                  Hex            32%        N/A       22%         1

Your spell library contained the following spells:

 Spells                   Type           Power      Damage    Failure   Level
 Inner Flame              Hex/Fire       4%         N/A       73%         3
 Portal Projectile        Hex/Tloc       8%         N/A       73%         3
 Cause Fear               Hex            4%         N/A       91%         4

Inventory:

Hand Weapons
 Y - a +1 sling (weapon)
Armour
 f - a +0 ring mail (worn)
Scrolls
 a - a scroll of identify
 h - 2 scrolls of enchant armour
Potions
 e - a potion of enlightenment
 g - a potion of curing {unknown}
 j - a potion of lignification {unknown}
 k - a potion of might
 l - a potion of heal wounds {unknown}

Dungeon Overview and Level Annotations

Branches:
Dungeon (4/15)
 Temple: D:4-7

Altars:
Nemelex Xobeh
Qazlal
Zin


Message History

The goblin hits you with a +0 dagger.
The scorpion stings you but does no damage. x2
You climb upwards.
There is a stone staircase leading down here.
Enter note:
Enter note:
Enter note:
Enter note:
Enter note:
Enter note:
Enter note:
Enter note:
Enter note: You shoot a sling bullet.
The sling bullet hits the goblin.
You kill the goblin!
The scorpion closely misses you. The scorpion stings you.
You shoot a sling bullet. The sling bullet hits the scorpion.
The scorpion is lightly wounded.
The scorpion barely misses you.
The scorpion stings you but does no damage.
The scorpion closely misses you. x2
You shoot a sling bullet. The sling bullet hits the scorpion.
The scorpion is lightly wounded.
The scorpion stings you.
The scorpion stings you but does no damage.
The scorpion stings you.
You shoot a sling bullet. The sling bullet hits the scorpion.
The scorpion is heavily wounded.
The scorpion stings you but does no damage. x3
You shoot a sling bullet. The sling bullet hits the scorpion.
The scorpion is heavily wounded.
The scorpion stings you. x3; The scorpion barely misses you.
You shoot a sling bullet.
The sling bullet closely misses the scorpion.
The scorpion stings you. The scorpion barely misses you.
2323 ||| READING scroll of teleportation.
As you read the scroll of teleportation, it crumbles to dust.
You feel strangely unstable. The scorpion stings you. x2
You die...

##.##...P.###
#...#.########.
#.####P..## #..#.## ##
.## ##### #..### ##
#..###########..# )##
##...........##..#
#.###.#####.##...##..#
)..#.................#
###.#######....ss....#
#### .##.#
##....@).#.#### #...
.##.##########...###....#
#.##
.##.##........(.........#
#.#
.##.##.#####..<.##..###.#
#.#
.......#####.##)#..##)#.#
###.#
###........#.##....#.##.#
##...#
##########.#.##.....##..#
#..#.# ######
#..[#..##.....## #.#####
##########...#.##.#...##
#.##...


You could see 2 scorpions.

Vanquished Creatures
  An adder (D:3)
  A dart slug (D:3)
  5 ball pythons
  5 endoplasms
  A giant cockroach (D:2)
  5 goblins
  9 hobgoblins
  2 jackals (D:1)
  3 quokkas
  3 bats
  2 frilled lizards
  6 kobolds
  7 rats
50 creatures vanquished.

Notes
Turn   | Place    | Note
-------+----------+-------------------------------------------
     0 | D:1      | qw the Gargoyle Hexslinger began the quest for the Orb.
     0 | D:1      | Reached XP level 1. HP: 12/12 MP: 2/2
     0 | D:1      | 0 ||| qw: Version: 0.3-a-51-g015441d
     0 | D:1      | 0 ||| qw: Game counter: 3850
     0 | D:1      | 0 ||| qw: Melee chars always use a shield: true
     0 | D:1      | 0 ||| qw: God list: Okawaru
     0 | D:1      | 0 ||| qw: Allow faded altars: false
     0 | D:1      | 0 ||| qw: Do Orc after clearing Dungeon:15 true
     0 | D:1      | 0 ||| qw: Do second Lair branch before Depths: true
     0 | D:1      | 0 ||| qw: Lair rune preference: random
     0 | D:1      | 0 ||| qw: Goals: Normal
     0 | D:1      | 0 ||| PLANNING D:1-11
     2 | D:1      | Noticed a ghoul
     2 | D:1      | Noticed a felid
     4 | D:1      | Noticed a demigod
     4 | D:1      | Noticed a tengu
     6 | D:1      | Noticed a troll
     6 | D:1      | Noticed a minotaur
     8 | D:1      | Noticed a draconian
     8 | D:1      | Noticed an armataur
    10 | D:1      | Noticed a meteoran
    10 | D:1      | Noticed a vine stalker
    12 | D:1      | Noticed a merfolk
    12 | D:1      | Noticed an elf
    14 | D:1      | Noticed a human
    14 | D:1      | Noticed an octopode
    16 | D:1      | Noticed a gargoyle
    16 | D:1      | Noticed a vampire
    18 | D:1      | Noticed a formicid
    18 | D:1      | Noticed a demonspawn
    20 | D:1      | Noticed a naga
    22 | D:1      | Noticed a spriggan
    24 | D:1      | Noticed a human
    26 | D:1      | Noticed a minotaur
    26 | D:1      | Noticed a gargoyle
   123 | D:1      | Reached XP level 2. HP: 16/16 MP: 3/3
   291 | D:1      | Reached skill level 3 in Ranged Weapons
   481 | D:1      | Reached XP level 3. HP: 21/21 MP: 4/4
   505 | D:1      | 505 ||| UPGRADING to +0 ring mail.
   515 | D:1      | 515 ||| DROPPING +0 robe.
   516 | D:1      | 516 ||| READING scroll labelled DEAGRY QIKUHOU.
   519 | D:1      | 519 ||| READING scroll labelled EGUTITRIKH.
   520 | D:1      | 520 ||| READING 3 scrolls labelled SUXALUKK XUALL.
   521 | D:1      | 521 ||| DROPPING scroll of poison.
   834 | D:2      | Found a faded altar of an unknown god.
  1438 | D:2      | 1438 ||| READING scroll labelled AREADUNOOST.
  1439 | D:2      | 1439 ||| READING scroll labelled AHAFUJ VOECHE.
  1440 | D:2      | 1440 ||| READING scroll labelled FEDOUL JONID.
  1441 | D:2      | 1441 ||| READING scroll labelled JOID HEVI.
  1442 | D:2      | 1442 ||| DRINKING 2 clear potions.
  1443 | D:2      | 1443 ||| DRINKING 2 brown potions.
  1444 | D:2      | 1444 ||| DROPPING potion of attraction.
  1539 | D:3      | Found a stormy altar of Qazlal.
  1539 | D:3      | Found a sparkling altar of Nemelex Xobeh.
  1712 | D:3      | Found a glowing silver altar of Zin.
  1766 | D:3      | Reached XP level 4. HP: 26/26 MP: 5/5
  2251 | D:3      | Reached skill level 4 in Ranged Weapons
  2283 | D:3      | 2283 ||| READING 2 scrolls labelled LACZETSIGI.
  2284 | D:3      | 2284 ||| READING 3 scrolls of identify.
  2284 | D:3      | 2284 ||| IDENTIFYING lumpy clear potion
  2285 | D:3      | 2285 ||| READING 2 scrolls of identify.
  2285 | D:3      | 2285 ||| IDENTIFYING ruby potion
  2286 | D:3      | 2286 ||| DROPPING scroll of revelation.
  2287 | D:3      | 2287 ||| DROPPING potion of magic.
  2309 | D:4      | Noticed a scorpion
  2311 | D:4      | Noticed a scorpion
  2315 | D:4      | 2315 ||| STAIRDANCE
  2322 | D:3      | HP: 5/26 [scorpion (2)]
  2323 | D:3      | 2323 ||| READING scroll of teleportation.
  2323 | D:3      | HP: 1/26 [scorpion (4)]
  2323 | D:3      | Slain by a scorpion

Levels and vault maps discovered:
D:1:      kb_arrival_jail, layout_rooms
D:2:      layout_loops_corners, dreamdust_ecumenical_altar_angels_and_demons,
          nicolae_concentric_dashed_squares_mild
D:3:      layout_loops_ring, zin_statuary,
          chequers_temple_overflow_statue_of_worship, serial_aquarium,
          aquarium_bridge_island_small [aquarium_subvault_small_open,
          aquarium_subvault_wall, aquarium_subvault_window,
          aquarium_subvault_bridge, aquarium_subvault_bridge],
          aquarium_window_2, aquarium_window_2, aquarium_window_3,
          aquarium_window_fake, aquarium_view_2e, aquarium_view_4,
          aquarium_balcony_double_2, aquarium_pool_1, serial_bayou_pond_d,
          minmay_bisected
D:4:      layout_loops_ring, bloody_makhleb, lemuel_coloured_pillars_altar,
          evilmike_ruin_ashenzari

Skill      XL: |  1  2  3  4 |
---------------+-------------+-----
Ranged Weapons | 3 4 |  4.0
Fighting       | 2 |  2.0
Armour         | |  0.2
Dodging        | |  1.5
Spellcasting   | |  1.0
Hexes          | |  2.6

Action                     |  1- 3 |  4- 6 || total
---------------------------+-------+-------++-------
   Fire: Sling             |   145 |    26 ||   171
    Use: Scroll            |     7 |     4 ||    11
         Potion            |     2 |       ||     2
 Armour: Robe              |     9 |       ||     9
         Ring mail         |    19 |    20 ||    39
  Dodge: Dodged            |    49 |    18 ||    67

Table legend:
 A = Non-vault XP
 B = Vault XP
 C = Vault XP percentage of total XP
 D = Non-vault monster count
 E = Vault monster count
 F = Vault count percentage of total count
                 A         B        C        D         E       F
            +---------+---------+-------+---------+---------+-------
      Total |      91 |       5 |   5.2 |      47 |       3 |   6.0
            +---------+---------+-------+---------+---------+-------
        D:1 |      34 |       0 |   0.0 |      21 |       0 |   0.0
        D:2 |      14 |       0 |   0.0 |       9 |       0 |   0.0
        D:3 |      41 |       5 |  10.9 |      16 |       3 |  15.8
        D:4 |       2 |       0 |   0.0 |       1 |       0 |   0.0
            +---------+---------+-------+---------+---------+-------
